 Dungeon Crawl Stone Soup version 0.30-a0-782-ge64f9170bb (webtiles) character file.

Game seed: 3559930850307148177

1068 Drevant2 the Slicer (level 8, -2/43 HPs)
             Began as a Kobold Artificer on Feb 19, 2023.
             Was a Follower of Nemelex Xobeh.
             Slain by a wight
             ... wielding a +4 war axe
              (17 damage)
             ... on level 6 of the Dungeon.
             The game lasted 00:23:34 (7210 turns).

Drevant2 the Slicer (Kobold Artificer)              Turns: 7210, Time: 00:23:35

Health: -2/43      AC:  3    Str: 10    XL:     8   Next: 53%
Magic:  8/8        EV: 15    Int: 14    God:    Nemelex Xobeh [*.....]
Gold:   229        SH:  0    Dex: 15    Spells: 7/7 levels left

rFire   . . .      SeeInvis .    p - +2 dagger (flame)
rCold   . . .      Faith    .    (no shield)
rNeg    . . .      Spirit   .    b - +0 leather armour
rPois   .          Reflect  .    (no helmet)
rElec   .          Harm     .    (no cloak)
rCorr   .          Rampage  .    (no gloves)
Will    .....                    (no boots)
Stlth   +++                      (no amulet)
HPRegen 0.27/turn                (no ring)
MPRegen 0.11/turn                (no ring)

@: studying Maces & Flails
A: small, no large weapons, nightstalker 3
a: Renounce Religion, Draw Escape, Draw Destruction, Draw Summoning


You were on level 6 of the Dungeon.
You worshipped Nemelex Xobeh.
Nemelex Xobeh was aware of your devotion.
You visited 2 branches of the dungeon, and saw 9 of its levels.

You collected 229 gold pieces.

Inventory:

Hand Weapons
 a - a +0 club
 g - a +0 mace
 i - a +2 dagger of speed
 k - the +3 falchion of Mariam {drain, Dex+5}
   (You took it off a kobold brigand on level 6 of the Dungeon)

   Dex:       It affects your dexterity (+5).
 p - a +2 dagger of flaming (weapon)
Missiles
 n - 2 throwing nets
Armour
 b - a +0 leather armour (worn)
Jewellery
 h - a ring of wizardry
Wands
 c - a wand of polymorph (11)
 d - a wand of charming (15)
 e - a wand of iceblast (1) (quivered)
Scrolls
 l - 2 scrolls of amnesia
 m - a scroll of fog {unknown}
 o - a scroll of enchant weapon
Potions
 f - a potion of attraction


   Skills:
 - Level 1.1 Fighting
 - Level 10.3 Short Blades
 - Level 0.7 Armour
 - Level 4.2 Dodging
 - Level 4.1 Stealth
 * Level 5.0 Evocations


You had 7 spell levels left.
You didn't know any spells.
Your spell library contained the following spells:

 Spells                   Type           Power      Damage    Failure   Level
 Sting                    Tmut/Pois      0%         1d3       36%         1
 Poisonous Vapours        Pois/Air       0%         N/A       52%         2
 Ignite Poison            Fire/Tmut/Pois 0%         N/A       75%         3
 Kindle Blastsparks       Fire/Tloc/Air  0%         2d10      75%         3
 Olgreb's Toxic Radiance  Pois           0%         N/A       98%         4
 Freezing Cloud           Conj/Ice/Air   0%         6-21      100%        5


Dungeon Overview and Level Annotations

Branches:
Dungeon (8/15)             Temple (1/1) D:5
   Lair: D:8-11

Altars:
Ashenzari
Cheibriados
Dithmenos
Elyvilon
Fedhas
Gozag
Hepliaklqana
Kikubaaqudgha
Makhleb
Nemelex Xobeh
Okawaru
Qazlal
Ru
Sif Muna
Trog
Uskayaw
Vehumet
Wu Jian
Xom
Yredelemnul
Zin

Shops:
D:4 =

Annotations:
D:3 1 runed translucent door, Crazy Yiuf
D:6 Edmund, Grinder


Innate Abilities, Weirdness & Mutations

You are small and have problems with some larger weapons.
You are completely attuned to the shadows.


Message History

Drevant2's illusion hits Edmund.
Drevant2's illusion burns Edmund.
Edmund barely misses you.
As you read the scroll of identify, it crumbles to dust.
o - a scroll of enchant weapon Drevant2's illusion shimmers and vanishes!
You draw a card...
You have drawn the Pentagram.
The deck of cards glows slightly and disappears.
Edmund barely misses you.
You swap places.
Your hell hound bites Edmund.
Edmund completely misses you. What are your orders? t - Shout!
Orders for allies: a - Attack new target. r - Retreat! s - Stop attacking. g - Guard the area. f - Follow me.
Anything else - Cancel.
Gang up on whom?
Press: ? - help, Dir - move target, f - rust devil
Aim: a rust devil (summoned) Attack!
Something hits your hell hound!
Your hell hound bites the rust devil but does no damage.
The rust devil hits your hell hound.
The rust devil corrodes your hell hound!
Your hell hound barely misses the rust devil.
Something hits your hell hound.
Your hell hound bites the rust devil.
The rust devil hits your hell hound!
Your hell hound dies!
Your hell hound's corpse disappears in a puff of smoke!
A rust devil is nearby!
Really walk into that teleport trap?
You enter a teleport trap!
The teleport trap disappears.
Your surroundings suddenly seem different. 2 wights and an acid dragon come into view.
Found a +0 hand axe and 5 stones.
The wight hits you with a +4 war axe!
* * * LOW HITPOINT WARNING * * *
The acid dragon roars!
You see here a +0 hand axe.
This is a scroll of acquirement!
Something appears at your feet! The wight hits you with a +4 war axe!
You die...
Your body disappears without a glow.

*,,,,,' *,,,,,*
**##### ********
#.... *,..,,,*
#.... *z..,,,*
#.... ###...,,,***
#..@. #.zz..,,,,,*
#.... #@########,*
#.$.. #z#..<...#,*
#.... #D#.#.##.#,*
##### #.#.#.##.#,*
# #.#.#.##.#,* #
*,#.#.##.#,* #
*,#.#.##.#,* #
*,#.#.##)#,***####
*,#.#..).#,,,,....


You could see an acid dragon and 4 wights.

Vanquished Creatures
  A steam dragon (D:6)
  2 kobold brigands (D:6)
  A scorpion (D:6)
  An orc priest (D:5)
  5 hounds
  An orc wizard (D:7)
  7 gnolls
  5 adders
  An ufetubus (D:7)
  5 dart slugs
  10 orcs
  3 ball pythons
  5 endoplasms
  6 giant cockroaches
  4 goblins
  4 hobgoblins
  6 jackals (D:4)
  10 kobolds
  2 quokkas
  2 bats
  A frilled lizard (D:2)
  5 rats
87 creatures vanquished.

Vanquished Creatures (collateral kills)
  An ice beast (D:6)
  A scorpion (D:6)
  4 killer bees (D:6)
  An orc (D:6)
7 creatures vanquished.

Vanquished Creatures (others)
  A plant (D:4)
1 creature vanquished.

Grand Total: 95 creatures vanquished

Notes
Turn   | Place    | Note
-------+----------+-------------------------------------------
     0 | D:1      | Drevant2 the Kobold Artificer began the quest for the Orb.
     0 | D:1      | Reached XP level 1. HP: 12/12 MP: 1/1
   454 | D:1      | Reached XP level 2. HP: 11/16 MP: 2/2
   890 | D:1      | Reached skill level 1 in Short Blades
  1135 | D:2      | Reached XP level 3. HP: 20/20 MP: 3/3
  1206 | D:2      | Found a white marble altar of Elyvilon.
  1400 | D:2      | Identified the +1 whip "Siwn" {speed, Will+ Str+4 SInv}
  1548 | D:2      | Identified the +6 spear of Fuqeewk {distort, rCorr Dex+2}
  1621 | D:2      | Reached skill level 2 in Short Blades
  2182 | D:3      | Reached XP level 4. HP: 25/25 MP: 4/4
  2378 | D:3      | Found a hide-covered altar of Uskayaw.
  2381 | D:3      | Found a hazy altar of Hepliaklqana.
  2384 | D:3      | Found a sparkling altar of Nemelex Xobeh.
  2389 | D:3      | Found a blossoming altar of Fedhas.
  2390 | D:3      | Became a worshipper of Nemelex Xobeh the Trickster
  2393 | D:3      | Found a white marble altar of Elyvilon.
  2647 | D:3      | Reached skill level 5 in Evocations
  2774 | D:3      | Reached skill level 3 in Short Blades
  2936 | D:3      | Found a runed translucent door.
  2939 | D:3      | Noticed Crazy Yiuf
  3105 | D:4      | Found Kosyecu's Jewellery Emporium.
  3289 | D:4      | Reached XP level 5. HP: 26/29 MP: 5/5
  3601 | D:5      | Entered Level 5 of the Dungeon
  3619 | D:5      | You fall into a shaft and drop 2 floors!
  3739 | D:6      | Identified the +3 falchion of Mariam {drain, Dex+5}
  3739 | D:6      | Noticed a kobold brigand
  3809 | D:6      | Noticed Grinder
  3810 | D:6      | Noticed Edmund
  4016 | D:7      | Reached skill level 4 in Short Blades
  4303 | D:7      | Reached * piety under Nemelex Xobeh
  4403 | D:6      | Reached XP level 6. HP: 16/34 MP: 6/6
  4515 | D:5      | Reached skill level 5 in Short Blades
  5305 | D:5      | Found a staircase to the Ecumenical Temple.
  5412 | D:5      | Noticed an ogre
  5425 | Temple   | Entered the Ecumenical Temple
  5770 | D:5      | Reached XP level 7. HP: 38/38 MP: 7/7
  5822 | D:5      | Reached skill level 6 in Short Blades
  6338 | D:6      | Noticed a steam dragon
  6773 | D:6      | Received a gift from Nemelex Xobeh
  6779 | D:6      | Reached skill level 7 in Short Blades
  6785 | D:6      | Reached skill level 8 in Short Blades
  6787 | D:6      | Reached XP level 8. HP: 38/43 MP: 8/8
  6801 | D:6      | Reached skill level 9 in Short Blades
  6906 | D:6      | Reached skill level 10 in Short Blades
  7194 | D:6      | Noticed a rust devil
  7210 | D:6      | Identified a scroll of acquirement
  7210 | D:6      | Acquired the +7 rapier "Spiderbane" {spect, SInv}
  7210 | D:6      | Slain by a wight

Illustrated notes

Levels and vault maps discovered:
D:1:      dpeg_arrival_yet_another_circle, layout_loops_ring,
          chequers_serial_rivers_large_a, hangedman_abyss_or_decor_lesser_grid
D:2:      layout_loops_ring, basic_altar, minmay_tripent
D:3:      layout_loops_ring, nicolae_overflow_hallway_of_the_gods,
          uniq_crazy_yiuf_cottage
D:4:      lemuel_castle_with_subvaults [lemuel_castle_interior_original],
          layout_basic, serial_shops, nicolae_stop_n_shop_2
D:5:      layout_rooms, minmay_temple_entry_trees
D:6:      cheibrodos_steamvent, layout_basic, mainiacjoe_overflow_alcove_1,
          uniq_grinder, uniq_edmund
D:7:      layout_gridville
D:8:      layout_loops_ring, uniq_joseph
Temple:   nicolae_temple_x_marks_the_god

Skill      XL: |  1  2  3  4  5  6  7  8 |
---------------+-------------------------+-----
Evocations     | 4 5 |  5.0
Dodging        | 3 4 |  4.2
Short Blades   | 1 2 3 4 5 8 10 | 10.3
Stealth        | 2 4 |  4.1
Fighting       | |  1.1
Armour         | |  0.7

Action                     |  1- 3 |  4- 6 |  7- 9 || total
---------------------------+-------+-------+-------++-------
  Melee: Club              |    25 |       |       ||    25
         Dagger            |    52 |   129 |   113 ||   294
         Punch             |       |     1 |     1 ||     2
 Invoke: Draw Summoning    |       |       |     3 ||     3
         Draw Destruction  |       |       |     2 ||     2
  Evoke: Wand              |     5 |    11 |     3 ||    19
    Use: Potion            |     1 |     3 |     2 ||     6
         Scroll            |       |    15 |     2 ||    17
   Stab: Sleeping          |    14 |     7 |       ||    21
         Distracted        |       |     1 |       ||     1
 Armour: Leather armour    |    10 |    29 |     8 ||    47
  Dodge: Dodged            |    44 |   101 |    64 ||   209

Table legend: (Time is in decaauts)
 A = Elapsed time spent in this place.
 B = Non-inter-level travel time spent in this place.
 C = Inter-level travel time spent in this place.
 D = Time resting spent in this place.
 E = Time spent auto-exploring this place.
 F = Levels seen in this place.
 G = Mean time per level.
                   A        B        C        D        E       F      G
               +--------+--------+--------+--------+--------+-----+--------+
         Total |   7156 |   5622 |   1534 |   1650 |   2544 |   9 |  795.1 |
       Dungeon |   6939 |   5411 |   1528 |   1534 |   2462 |   8 |  867.4 |
        Temple |    217 |    211 |      6 |    116 |     82 |   1 |  217.0 |
               +--------+--------+--------+--------+--------+-----+--------+

Top non-repeatable levels by time:
     D:4: 1289 daAuts
     D:6: 1246 daAuts
     D:3: 1233 daAuts
     D:1: 1016 daAuts
     D:2: 894 daAuts
     D:5: 850 daAuts
     D:7: 396 daAuts
  Temple: 217 daAuts
     D:8: 10 daAuts
